 Dungeon Crawl Stone Soup version 0.27-a0-1136-g0b992a5a9d (webtiles) character file.

Game seed: 15222255386364133183

18 Anon1729 the Skirmisher (level 2, 0/24 HPs)
             Began as a Formicid Berserker on May 4, 2021.
             Slain by a ball python (1 damage)
             ... on level 4 of the Dungeon.
             The game lasted 00:00:42 (393 turns).

Anon1729 the Skirmisher (Formicid Berserker)         Turns: 393, Time: 00:00:42

Health: 0/24       AC:  2    Str: 21    XL:     2   Next: 90%
Magic:  2/2        EV: 12    Int:  6    God:
Gold:   13         SH:  0    Dex: 10    Spells: 1/1 levels left

rFire    . . .     SeeInvis +   a - +0 falchion
rCold    . . .     Faith    .   (no shield)
rNeg     . . .     Spirit   .   b - +0 animal skin
rPois    .         Reflect  .   (helmet unavailable)
rElec    .         Harm     .   (no cloak)
rCorr    .         Rampage  .   (no gloves)
Will     .....                  (no boots)
Stlth    +.........             (no amulet)
HPRegen  0.08/turn              (no ring)
MPRegen  0.08/turn              (no ring)

@: no status effects
A: permanent stasis, dig shafts and tunnels, antennae 3, four strong arms
a: Dig, Shaft Self


You were on level 4 of the Dungeon.
You visited 1 branch of the dungeon, and saw 3 of its levels.

You collected 13 gold pieces.

Inventory:

Hand Weapons
 a - a +0 falchion (weapon)
Armour
 b - a +0 animal skin (worn)
 c - a +0 kite shield
Potions
 d - a potion of attraction {unknown}


   Skills:
 + Level 3.6 Fighting
 + Level 3.2 Long Blades
 + Level 2.5 Armour
 + Level 2.1 Dodging


You had one spell level left.
You didn't know any spells.
Your spell library was empty.

Dungeon Overview and Level Annotations

Branches:
Dungeon (1/15)             Temple (0/1) D:4

Altars:


Innate Abilities, Weirdness & Mutations

You cannot be hasted, slowed, berserked, paralysed or teleported.
You can dig through walls and to a lower floor.
You have a pair of large antennae on your head. (SInv)
Your four strong arms can wield two-handed weapons with a shield.


Message History

The adder is lightly wounded.
The adder bites you. The adder closely misses you.
You hit the adder.
The adder is heavily wounded.
The adder bites you.
You are poisoned.
The adder poisons you!
You closely miss the adder.
The adder is heavily wounded.
You feel sick. The adder misses you.
You riposte.
You completely miss the adder.
The adder is heavily wounded.
The adder bites you but does no damage.
You completely miss the adder.
The adder is heavily wounded.
You feel sick. The adder misses you.
You riposte.
You completely miss the adder.
The adder is heavily wounded.
You closely miss the adder.
The adder is heavily wounded.
You feel sick. The adder bites you.
* * * LOW HITPOINT WARNING * * *
You closely miss the adder.
The adder is heavily wounded.
You feel sick. The adder closely misses you.
You riposte.
You hit the adder.
The adder is almost dead.
The adder bites you.
* * * LOW HITPOINT WARNING * * *
You closely miss the adder.
The adder is almost dead.
* * * LOW HITPOINT WARNING * * *
You feel sick.
You are no longer poisoned.
The adder bites you but does no damage.
You hit the adder but do no damage.
The adder is almost dead.
The adder completely misses you.
You riposte.
You hit the adder.
You kill the adder!
You barely miss the ball python. The ball python bites you.
You die...

#.........
#####.........
#...#.......###
#............>#
#.............
##.....#.......
#..............
.......#S#.....
##...###@# ..#
...# #...# . .#
.......
.!##..>..#
.#......
..##...### ##.
#.### # #.#..


You could see a ball python.

Vanquished Creatures
  An adder (D:4)
  A dart slug (D:4)
  A goblin (D:1)
  A hobgoblin (D:1)
  A quokka (D:1)
  A bat (D:1)
  A kobold (D:1)
  2 rats (D:1)
9 creatures vanquished.

Notes
Turn   | Place    | Note
-------+----------+-------------------------------------------
     0 | D:1      | Anon1729 the Formicid Berserker began the quest for the
                  | Orb.
     0 | D:1      | Reached XP level 1. HP: 18/18 MP: 1/1
     0 | D:1      | Fell from the grace of Trog
   371 | D:1      | Reached XP level 2. HP: 15/24 MP: 2/2
   372 | D:1      | Noticed a polar bear
   372 | D:1      | Noticed a polar bear
   372 | D:1      | Noticed a polar bear
   374 | D:1      | You fall into a shaft and drop 1 floor!
   378 | D:2      | You fall into a shaft and drop 2 floors!
   381 | D:4      | Found a staircase to the Ecumenical Temple.
   391 | D:4      | HP: 1/24 [poisoned by an adder]
   393 | D:4      | Slain by a ball python

Illustrated notes

Levels and vault maps discovered:
D:1:      tarquinn_simple_flora_water_b, layout_basic, hangedman_decor_riveting
D:2:      layout_rooms
D:4:      layout_cave_pools, elyvilon_altar_5, minmay_temple_entry_slanted

Skill      XL: |  1  2 |
---------------+-------+-----
Dodging        | 2 |  2.1
Fighting       | |  3.6
Long Blades    | |  3.2
Armour         | |  2.5

Action                   || total
-------------------------++-------
Melee: Falchion          ||    32
Invok: Renounce Religion ||     1
 Abil: Shaft Self        ||     2
Armor: Animal skin       ||     5
Dodge: Dodged            ||    25
       Rpst.: Falchion   ||    12

Table legend: (Time is in decaauts)
 A = Elapsed time spent in this place.
 B = Non-inter-level travel time spent in this place.
 C = Inter-level travel time spent in this place.
 D = Time resting spent in this place.
 E = Time spent auto-exploring this place.
 F = Levels seen in this place.
 G = Mean time per level.
                   A        B        C        D        E       F      G
               +--------+--------+--------+--------+--------+-----+--------+
         Total |    397 |    397 |      0 |    144 |    173 |   3 |  132.3 |
       Dungeon |    397 |    397 |      0 |    144 |    173 |   3 |  132.3 |
               +--------+--------+--------+--------+--------+-----+--------+

Top non-repeatable levels by time:
     D:1: 377 daAuts
     D:4: 16 daAuts
     D:2: 3 daAuts
